Map: Ever Dream LE

Players

Reynor - Winner!

  • Race: Zerg Zerg
  • League: Master
  • Spawn Location: 1:00

BlyOnFire (Bly)

  • Race: Zerg Zerg
  • Spawn Location: 7:00

Event: DreamHack SC2 Masters 2020 Fall

VOD

Have the link to the VOD?

Description

Time

  • Played on: Sept. 3, 2020, 11:17 a.m.
  • Length: 2:35

All games in this series

Show
View Real Time Build Order
Export as new Build Order

Reynor Zerg - Winner!

Build Orders: Pool First 

Get SALT Encoding   

  12  0:00  Drone  
  13  0:12  Overlord  
  13  0:16  Drone  
  14  0:30  Drone  
  14  0:31  Drone  
  16  0:40  Spawning Pool  
  15  0:44  Drone  
  15  0:48  Drone  
  17  1:08  Hatchery  
  16  1:11  Drone  
  16  1:14  Extractor  
  16  1:27  Zergling x4  
  16  1:28  Zergling x2  
  19  1:34  Spine Crawler  
  19  1:39  Zergling x2  
  20  1:41  Queen  
  22  1:47  Extractor  
  22  1:49  Zergling x2  
  23  2:06  Zergling x2  
  18  2:11  Zergling x2  
Show
View Real Time Build Order
Export as new Build Order

BlyOnFire Zerg 

Build Orders: Pool Only 

Get SALT Encoding   

  12  0:17  Spawning Pool  
  11  0:22  Drone  
  11  0:26  Drone  
  13  0:31  Drone  
  14  0:43  Overlord  
  14  1:03  Zergling x4  
  16  1:05  Zergling x2  
  17  1:17  Zergling x2  
  18  1:26  Zergling x2  
  19  1:37  Zergling x2  

Tags
 
Add a new tag
Caveats
  • Supply blocks, unpowered buildings, or Contaminate may cause inaccurate times.
  • Supply counts are checked every 10 seconds.